 Dungeon Crawl Stone Soup version 0.30.1-4-g462c640d31 (webtiles) character file.

Game seed: 12961185889898978704

48 Kurtz the Chopper (level 3, -4/23 HPs)
             Began as a Tengu Fighter on Sept 18, 2023.
             Slain by a gnoll
             ... wielding a +0 flail
              (7 damage)
             ... on level 2 of the Dungeon.
             The game lasted 00:00:58 (774 turns).

Kurtz the Chopper (Tengu Fighter)                    Turns: 774, Time: 00:00:58

Health: -4/23      AC:  7    Str: 18    XL:     3   Next: 72%
Magic:  4/4        EV:  9    Int:  8    God:
Gold:   43         SH:  4    Dex: 13    Spells: 2/2 levels left

rFire   . . .        a - +0 war axe
rCold   . . .        c - +0 buckler
rNeg    . . .        b - +0 scale mail
rPois   .            h - +1 hat
rElec   .            (no cloak)
rCorr   .            (no gloves)
SInv    .            (boots unavailable)
Will    .....        (no amulet) Stlth
                     (no ring)
HPRegen 0.23/turn    (no ring)
MPRegen 0.09/turn

%: no passive effects
@: no status effects
A: beak, talons 3
a: no special abilities


You were on level 2 of the Dungeon.
You visited 1 branch of the dungeon, and saw 2 of its levels.

You collected 43 gold pieces.

Inventory:

Hand Weapons
 a - a +0 war axe (weapon)
Armour
 b - a +0 scale mail (worn)
 c - a +0 buckler (worn)
 h - a +1 hat (worn)
Scrolls
 e - a scroll of enchant weapon {unknown}
 f - a scroll of blinking {unknown}
 g - 2 scrolls of butterflies {unknown}
 j - 2 scrolls of brand weapon {unknown}
 l - a scroll of amnesia {unknown}
Potions
 d - 3 potions of might
 i - 2 potions of curing {unknown}
 k - a potion of heal wounds {unknown}
 m - a potion of brilliance {unknown}


   Skills:
 + Level 3.2 Fighting
 * Level 3.6 Axes
 - Level 3.2 Armour
 * Level 0.8 Dodging
 * Level 3.2 Shields


You had 2 spell levels left.
You didn't know any spells.
Your spell library contained the following spells:

 Spells                   Type           Power      Damage    Failure   Level
 Magic Dart               Conj           0%         1d3       86%         1
 Searing Ray              Conj           0%         2d4       95%         2
 Fulminant Prism          Conj/Hex       0%         3d5       100%        4


Dungeon Overview and Level Annotations

Branches:
Dungeon (2/15)

Altars:

Shops:
D:1 [


Innate Abilities, Weirdness & Mutations

You have a beak for a mouth.
You have claws for feet.


Message History

There is a stone staircase leading down here.
You climb downwards.
There is a stone staircase leading up here.
A goblin and a kobold come into view.
Found 4 stones.
The goblin shouts!
The kobold shouts!
You hear a shout!
There are monsters nearby!
A gnoll comes into view. It is wielding a +0 whip.
The kobold throws a stone.
You block the stone.
A gnoll comes into view. It is wielding a +0 flail.
You barely miss the kobold. Your kick misses the kobold.
You closely miss the goblin.
A gnoll comes into view. It is wielding a +0 halberd.
The kobold misses you. The goblin hits you but does no damage.
The gnoll shouts!
You hit the kobold. Your peck misses the kobold.
The kobold is moderately wounded.
You barely miss the goblin. The kobold hits you but does no damage.
The goblin misses you.
You slash the kobold!
You kill the kobold!
You hit the goblin.
A gnoll comes into view. It is wielding a +0 whip.
The goblin hits you with a +0 club. The goblin hits you but does no damage.
The gnoll hits you with a +0 whip.
You hit the goblin.
You kill the goblin!
You hit the gnoll. You slash the gnoll!
You kill the gnoll!
You hit the gnoll. You block the gnoll's attack.
You barely miss the gnoll.
The gnoll is heavily wounded.
The gnoll hits you from afar with a +0 halberd.
You block the gnoll's attack.
The gnoll hits you from afar with a +0 halberd.
The gnoll hits you with a +0 flail.
* * * LOW HITPOINT WARNING * * *
The gnoll attacks as you move away! The gnoll hits you with a +0 flail!
You die...

##.......####.
..##............
.......<....##.#.
..###............
#.###.##.##.## #.
#.#..# .##. #
#.#.# .....
#...##....#
##.)@)(...#
........g...##
..#...gg....#
............#
.##..#........ .
#.........###
...........
.........###.


You could see 3 gnolls.

Vanquished Creatures
  A gnoll (D:2)
  A dart slug (D:1)
  6 endoplasms (D:1)
  A giant cockroach (D:1)
  3 goblins
  8 hobgoblins (D:1)
  2 jackals (D:1)
  3 kobolds
  3 ball pythons (D:1)
  2 rats (D:1)
30 creatures vanquished.

Notes
Turn   | Place    | Note
-------+----------+-------------------------------------------
     0 | D:1      | Kurtz the Tengu Fighter began the quest for the Orb.
     0 | D:1      | Reached XP level 1. HP: 14/14 MP: 2/2
    97 | D:1      | Found Rankunod's Armour Shop.
   107 | D:1      | Reached XP level 2. HP: 18/19 MP: 3/3
   432 | D:1      | Reached XP level 3. HP: 23/23 MP: 4/4
   774 | D:2      | Slain by a gnoll

Illustrated notes

Levels and vault maps discovered:
D:1:      arrival_zaba_pyramid, layout_basic, serial_shops, shop
D:2:      layout_rooms, basic_altar, nrook_campfire, uniq_jessica,
          uniq_crazy_yiuf_cottage

Skill      XL: |  1  2 |
---------------+-------+-----
Axes           | 3 |  3.6
Fighting       | |  3.2
Armour         | |  3.2
Dodging        | |  0.8
Shields        | |  3.2

Action                     || total
---------------------------++-------
  Melee: War axe           ||    58
         Kick              ||    12
         Peck              ||     6
 Armour: Scale mail        ||    20
  Dodge: Dodged            ||    31
  Block: Buckler           ||    15
